 Dungeon Crawl Stone Soup version 0.18.1-50-g88ac8fd (webtiles) character file.

16527 magog001 the Cleaver (level 12, 0/108 HPs)
             Began as a Minotaur Fighter on Oct 25, 2017.
             Slain by Snorg (17 damage)
             ... on level 1 of the Orcish Mines.
             The game lasted 01:22:31 (14324 turns).

magog001 the Cleaver (Minotaur Fighter)            Turns: 14324, Time: 01:22:32

Health: 0/108      AC: 17    Str: 33    XL:     12   Next: 10%
Magic:  0/13       EV: 13    Int:  5    God:
Gold:   220        SH: 13    Dex: 11    Spells: 0 memorised, 11 levels left

rFire  + . .     SeeInvis .     a - +4 war axe
rCold  . . .     Gourm    .     b - +2 scale mail
rNeg   . . .     Faith    .     R - +0 shield of Vehumet's Delight {rCorr Str+4}
rPois  +         Spirit   +     (helmet restricted)
rElec  .         Dismiss  .     y - +2 cloak
rCorr  +         Reflect  .     (no gloves)
SustAt .         Harm     .     Q - +1 pair of boots of Fortitude {Str+4}
MR     .....                    G - amulet of guardian spirit
Stlth  ..........               q - ring of poison resistance
                                w - ring of protection from fire

@: drained, not resistant to hostile enchantments, extremely unstealthy
A: retaliatory headbutt, claws 1, horns 2, icy blue scales 1, high mp 1
a: no special abilities


You were on level 1 of the Orcish Mines.
You were not hungry.

You visited 2 branches of the dungeon, and saw 11 of its levels.
You also visited: Sewer and Ossuary.

You collected 1315 gold pieces.
You spent 1095 gold pieces at shops.

Inventory:

Hand Weapons
 a - a +4 war axe (weapon)
 N - a +0 blowgun
Missiles
 r - 29 tomahawks (quivered)
 A - 5 needles of confusion
 B - a javelin
 M - 7 needles of frenzy
 O - 43 poisoned needles
 P - 3 curare-tipped needles
Armour
 b - a +2 scale mail (worn)
 y - a +2 cloak (worn)
 Q - the +1 pair of boots of Fortitude (worn) {Str+4}
   (You bought it in a shop on level 2 of the Orcish Mines)

   It affects your strength (+4).
 R - the +0 shield of Vehumet's Delight (worn) {rCorr Str+4}
   (You bought it in a shop on level 2 of the Orcish Mines)

   It affects your strength (+4).
   It protects you from acid and corrosion.
Jewellery
 q - a ring of poison resistance (right claw)
 w - a ring of protection from fire (left claw)
 G - an amulet of guardian spirit (around neck)
Wands
 d - a wand of disintegration (11/24)
 e - a wand of hasting (6/9)
 g - a wand of acid (4/15)
 m - a wand of acid (14/15)
 o - a wand of polymorph (17/24)
 t - a wand of lightning (3/15)
 u - a wand of slowing (13/48)
 x - a wand of lightning (10/15)
 D - a wand of paralysis (17/24)
 E - a wand of polymorph (11/24)
Scrolls
 h - a scroll of recharging
 i - 3 scrolls of identify
 n - a scroll of fog
 v - 2 scrolls of teleportation
 C - 2 scrolls of remove curse
 J - a scroll of blinking
 L - 2 scrolls of noise
Potions
 k - a potion of lignification
 l - a potion of flight
 p - 5 potions of curing
 z - 4 potions of agility
 F - a potion of invisibility {unknown}
 H - 3 potions of cancellation {unknown}
Comestibles
 c - 6 slices of pizza
 f - 3 bread rations
 j - a meat ration
 s - 19 fruits
 I - 7 chunks of flesh


   Skills:
 * Level 10.9(10.2) Fighting
 * Level 12.2(11.5) Axes
 + Level 1.3(0.7) Throwing
 * Level 10.4(9.7) Armour
 * Level 8.8(8.1) Dodging
 + Level 1.1(0.6) Stealth
 * Level 11.2(10.5) Shields
 + Level 1.1(0.6) Evocations


You had 11 spell levels left.
You didn't know any spells.

Dungeon Overview and Level Annotations

Branches:
Dungeon (9/15)             Temple (0/1) D:7            Lair (0/8) D:9
    Orc (2/2) D:9             Elf (0/3) Orc:2

Altars:
Ashenzari
Cheibriados
Elyvilon
Fedhas
Kikubaaqudgha
Makhleb
Pakellas
Qazlal
Vehumet
Beogh

Shops:
D:6 }   D:9 *   Orc:2 ([[[

Annotations:
Orc:1 Snorg


Innate Abilities, Weirdness & Mutations

You reflexively headbutt those who attack you in melee.
You have a pair of horns on your head.
You have sharp fingernails.
You are partially covered in icy blue scales (AC +1).
You have an increased reservoir of magic (+10% MP).


Message History

Snorg bites you. Snorg closely misses you. Snorg barely misses you.
The orc wizard barely misses you. You furiously retaliate!
You headbutt the orc wizard. Snorg bites you! Snorg claws you!
You block Snorg's attack.
You slash Snorg! Your headbutt misses Snorg.
Snorg is almost dead.
You slash the orc wizard!
You kill the orc wizard!
Snorg bites you! You block Snorg's attack. x2
You closely miss Snorg.
Snorg is almost dead.
Snorg bites you!!
* * * LOW HITPOINT WARNING * * *
You block Snorg's attack. Snorg claws you but does no damage.
Unknown command.
Drink which item? (? for menu, Esc to quit)
You feel better. Snorg bites you!!
* * * LOW HITPOINT WARNING * * *
You block Snorg's attack. x2; Snorg bites you!!
You die...

**,,,#._.........).8.....
***,,,,#...................
*,,,,,,#...8..8..8..8.....#
***,,,,##..................
****,*#.......).......... ****
**,#.8..8..8..8......) ***,,**
#,#.............#.##. *,,,,,**
##.###################
**,,,,,***#.oTT@..# ##.#
**,,,,,,*#....o#))##### ##..#
**,,*,,,,#....,#....#.#* #....
*,,,***,,....,*#.#...#.# ###...
,,,****,,...,**####..### #....#
,,,,,*,,,..,,,,**#...#######.....
*,,,**,,,.,,,,,*#..##..##.#####..
*,,,,*,,,****,.....*###...## #..#
*,*,,,,**,**,.....#* ##...######


You could see Snorg (berserk), a troll and 2 orcs.

Vanquished Creatures
  A great orb of eyes (D:8)
  2 orc high priests
  An ugly thing (D:8)
  An oklob plant (D:7)
  7 orc sorcerers
  The ghost of magog001 the Ducker, an amateur DgSk (D:5)
  13 yaks
  Sigmund (D:5)
  3 wargs
  A water moccasin (D:8)
  19 orc warriors
  Purgy (Sewer)
  2 phantoms
  A wasp (D:8)
  4 ice beasts
  8 ogres
  2 centaurs
  A crocodile (D:9)
  6 big kobolds
  Blork the orc (D:5)
  6 giant frogs
  A gnoll sergeant (D:7)
  10 scorpions
  3 howler monkeys
  A crimson imp (D:5)
  5 centaur zombies
  4 giant frog zombies
  2 jellies (D:9)
  2 quasits
  5 hounds
  31 orc wizards
  A gnoll shaman (D:9)
  A human zombie (Ossuary)
  21 orc priests
  2 giant frog skeletons
  Ijyb (D:2)
  An iguana (D:7)
  4 worker ants
  2 sheep (D:8)
  A big kobold zombie (Ossuary)
  A hound skeleton (D:6)
  4 mummies
  16 gnolls
  4 river rats
  3 scorpion zombies (Ossuary)
  9 adders
  2 shadow imps (D:5)
  An adder zombie (D:9)
  2 adder skeletons
  3 worms
  2 dart slugs (D:1)
  6 giant geckos
  64 orcs
  6 giant cockroaches
  4 hobgoblins
  12 jackals
  9 quokkas
  2 ball pythons
  15 bats
  A giant cockroach zombie (D:6)
  8 giant newts
  6 gnoll zombies (Ossuary)
  8 goblins
  3 hobgoblin zombies (Ossuary)
  19 kobolds
  2 kobold zombies (Ossuary)
  2 orc zombies (Ossuary)
  A quokka zombie (D:6)
  29 rats
  5 fungi (D:7)
  2 plants
431 creatures vanquished.

Vanquished Creatures (others)
  The ghost of flestrin the Thaumaturge, a journeyman DECj of Vehumet (Orc:2)
  An orc (D:3)
  A butterfly (D:7)
  A fulminant prism (Orc:2)
  18 toadstools (D:7)
22 creatures vanquished.

Grand Total: 453 creatures vanquished

Notes
Turn   | Place    | Note
--------------------------------------------------------------
     0 | D:1      | magog001 the Minotaur Fighter began the quest for the Orb.
     0 | D:1      | Reached XP level 1. HP: 19/19 MP: 0/0
   132 | D:1      | Reached XP level 2. HP: 27/27 MP: 1/1
  1120 | D:2      | Reached XP level 3. HP: 33/33 MP: 2/2
  1279 | D:2      | Reached skill level 3 in Axes
  1602 | D:2      | Noticed Ijyb
  1610 | D:2      | Killed Ijyb
  1610 | D:2      | Reached skill level 1 in Dodging
  1610 | D:2      | Reached XP level 4. HP: 40/41 MP: 3/3
  2134 | D:3      | Reached XP level 5. HP: 45/47 MP: 4/4
  2227 | D:3      | Found a burning altar of Makhleb.
  3035 | D:4      | Noticed an ogre
  3040 | D:4      | Killed an ogre
  3040 | D:4      | Reached skill level 5 in Fighting
  3040 | D:4      | Reached skill level 5 in Armour
  3040 | D:4      | Reached XP level 6. HP: 55/56 MP: 5/5
  3043 | D:4      | Found an ancient bone altar of Kikubaaqudgha.
  3113 | D:4      | Found a sand-covered staircase.
  3120 | Ossuary  | Entered an ossuary
  3235 | Ossuary  | Reached skill level 4 in Axes
  3244 | Ossuary  | Reached skill level 5 in Shields
  3440 | Ossuary  | Reached XP level 7. HP: 57/61 MP: 6/6
  3752 | Ossuary  | Reached skill level 5 in Axes
  3791 | Ossuary  | Gained mutation: You have sharp fingernails. [potion of mutation]
  3791 | Ossuary  | Gained mutation: You are partially covered in icy blue scales (AC +1). [potion of mutation]
  3791 | Ossuary  | Gained mutation: You have an increased reservoir of magic (+10% MP). [potion of mutation]
  4298 | D:4      | Found a shattered altar of Ashenzari.
  4363 | D:4      | Reached XP level 8. HP: 47/71 MP: 7/7
  4743 | D:5      | Entered Level 5 of the Dungeon
  4766 | D:5      | Noticed Blork the orc
  4772 | D:5      | Killed Blork the orc
  4804 | D:5      | Reached skill level 6 in Axes
  4873 | D:5      | Noticed magog001's ghost (amateur DgSk)
  4881 | D:5      | Killed magog001's ghost
  4964 | D:5      | Found a snail-covered altar of Cheibriados.
  5071 | D:5      | Found a glowing drain.
  5082 | Sewer    | Entered a sewer
  5142 | Sewer    | Noticed Purgy
  5150 | Sewer    | Killed Purgy
  5150 | Sewer    | Reached skill level 7 in Axes
  5386 | D:5      | Noticed Sigmund
  5399 | D:5      | Killed Sigmund
  5399 | D:5      | Reached XP level 9. HP: 79/79 MP: 8/8
  5431 | D:5      | Found a white marble altar of Elyvilon.
  5780 | D:6      | Reached skill level 5 in Dodging
  6175 | D:6      | Found Emneil's Gadget Boutique.
  6178 | D:6      | Bought a wand of lightning (4/15) for 120 gold pieces
  6361 | D:7      | Found a staircase to the Ecumenical Temple.
  6429 | D:7      | Reached skill level 8 in Axes
  6511 | D:7      | Found a stormy altar of Qazlal.
  7038 | D:7      | Found a blossoming altar of Fedhas.
  7051 | D:7      | Noticed an oklob plant
  7074 | D:7      | Killed an oklob plant
  7074 | D:7      | Reached skill level 9 in Axes
  7341 | D:7      | Reached XP level 10. HP: 89/90 MP: 10/10
  7358 | D:7      | Found an oddly glowing altar of Pakellas.
  7803 | D:8      | Noticed a cyan ugly thing
  7828 | D:8      | Killed a cyan ugly thing
  8391 | D:8      | Noticed a two-headed hydra
  8607 | D:8      | Noticed a great orb of eyes
  8607 | D:8      | a seven-headed hydra changed into a great orb of eyes
  8612 | D:8      | Paralysed by a great orb of eyes for 6 turns
  8624 | D:8      | Killed a great orb of eyes
  8624 | D:8      | Reached skill level 10 in Axes
  8624 | D:8      | Reached skill level 1 in Evocations
  8844 | D:8      | Got an iridescent halberd {freeze}
  8851 | D:8      | Identified the +2 halberd of Awkwardness {freeze, rF- Int+3 Dex+2} (You took it off a big kobold on level 8 of the Dungeon)
  9077 | D:6      | Bought a wand of disintegration (15/24) for 285 gold pieces
  9323 | D:9      | Found a staircase to the Lair.
  9326 | D:9      | Reached skill level 1 in Stealth
  9386 | D:9      | Found a staircase to the Orcish Mines.
  9717 | D:9      | Reached XP level 11. HP: 61/99 MP: 6/11
 10238 | D:9      | Found Hirutub's General Store.
 10421 | D:9      | Reached skill level 10 in Shields
 10470 | D:9      | Bought 3 curare-tipped needles for 27 gold pieces
 10564 | D:9      | Reached skill level 10 in Fighting
 11696 | Orc:1    | Entered Level 1 of the Orcish Mines
 11696 | Orc:1    | Noticed an orc sorcerer
 11696 | Orc:1    | Noticed an orc sorcerer
 11701 | Orc:1    | Killed an orc sorcerer
 11701 | Orc:1    | Reached skill level 11 in Axes
 11708 | Orc:1    | Killed an orc sorcerer
 11817 | Orc:1    | Reached skill level 1 in Throwing
 12153 | Orc:1    | Noticed an orc high priest
 12168 | Orc:1    | Killed an orc high priest
 12311 | Orc:1    | Found a roughly hewn altar of Beogh.
 12367 | Orc:2    | Entered Level 2 of the Orcish Mines
 12367 | Orc:2    | Found a staircase to the Elven Halls.
 12399 | Orc:2    | Noticed flestrin's ghost (journeyman DECj)
 12409 | Orc:2    | Killed flestrin's ghost
 12433 | Orc:2    | Noticed an orc sorcerer
 12588 | Orc:2    | Noticed a sun demon
 12837 | Orc:2    | Noticed an orc sorcerer
 12848 | Orc:2    | Noticed an orc sorcerer
 12853 | Orc:1    | Paralysed by an orc sorcerer for 3 turns
 12858 | Orc:1    | Killed an orc sorcerer
 13150 | Orc:1    | Killed an orc sorcerer
 13160 | Orc:1    | Killed an orc sorcerer
 13160 | Orc:1    | Reached skill level 10 in Armour
 13598 | Orc:2    | Noticed an orc high priest
 13614 | Orc:2    | Killed an orc high priest
 13686 | Orc:2    | Reached skill level 12 in Axes
 13707 | Orc:2    | Noticed an orc sorcerer
 13708 | Orc:2    | Paralysed by an orc sorcerer for 6 turns
 13716 | Orc:2    | Killed an orc sorcerer
 13732 | Orc:2    | Reached XP level 12. HP: 79/108 MP: 11/13
 13844 | Orc:2    | Found a radiant altar of Vehumet.
 14137 | Orc:2    | Found Oblor's Antique Weapon Shop.
 14137 | Orc:2    | Found Giat's Armour Boutique.
 14138 | Orc:2    | Found Jeokhlic's Armour Boutique.
 14141 | Orc:2    | Found Xehed's Armour Shop.
 14173 | Orc:2    | Bought the +1 pair of boots of Fortitude {Str+4} for 348 gold pieces
 14173 | Orc:2    | Bought the cursed +0 shield of Vehumet's Delight {rCorr Str+4} for 315 gold pieces
 14308 | Orc:1    | Noticed Snorg
 14324 | Orc:1    | Slain by Snorg

Skill      XL: |  1  2  3  4  5  6  7  8  9 10 11 |
---------------+----------------------------------+-----
Armour         | 4 5 6 7 8 9 10 | 10.4
Fighting       | 4 5 6 7 8 9 10 | 10.9
Shields        | 4 5 7 8 9 11 | 11.2
Axes           | 3 4 5 7 9 10 12 | 12.2
Dodging        | 1 2 3 4 5 7 8 |  8.8
Evocations     | 1 |  1.1
Stealth        | 1 |  1.1
Throwing       | 1 |  1.3

Action                   |  1- 3 |  4- 6 |  7- 9 | 10-12 || total
-------------------------+-------+-------+-------+-------++-------
Melee: War axe           |    83 |   105 |   341 |   583 ||  1112
       Headbutt          |     9 |    16 |    69 |   125 ||   219
       Staff             |     8 |    13 |       |       ||    21
       Short sword       |       |    15 |       |       ||    15
       Unarmed           |       |       |     3 |       ||     3
Throw: Stone             |       |     2 |     5 |       ||     7
       Javelin           |       |       |     3 |       ||     3
       Tomahawk          |       |       |     2 |    17 ||    19
Evoke: Wand              |       |       |     4 |     8 ||    12
  Use: Scroll            |       |    15 |    12 |     5 ||    32
       Potion            |       |     1 |    11 |     8 ||    20
  Eat: Chunk             |     2 |     5 |     1 |     8 ||    16
       Bread ration      |       |     1 |     1 |     1 ||     3
       Beef jerky        |       |       |     1 |     3 ||     4
       Meat ration       |       |       |     1 |     1 ||     2
Armor: Scale mail        |    35 |    42 |   121 |   231 ||   429
       Skin              |       |       |       |    14 ||    14
Dodge: Dodged            |    34 |    58 |   113 |   258 ||   463
Block: Shield            |    50 |    63 |   202 |   382 ||   697
       Buckler           |       |     6 |       |       ||     6
